 Dungeon Crawl Stone Soup version 0.31-a0-1001-g770356a28f (webtiles) character file.

Game seed: 15357714730467807043

3166 Malachi the Trooper (level 9, -4/72 HPs)
             Began as a Demonspawn Shapeshifter on Nov 8, 2023.
             Slain by a shadow (28 damage)
             ... on level 6 of the Dungeon.
             The game lasted 00:10:55 (7979 turns).

Malachi the Trooper (Demonspawn Shapeshifter)       Turns: 7979, Time: 00:10:55

Health: -4/72      AC: 11    Str: 15    XL:     9   Next: 63%
Magic:  9/9        EV: 12    Int: 16    God:
Gold:   314        SH:  0    Dex: 12    Spells: 8/8 levels left

rFire   . .          .
                       - Unarmed
rCold   . . .        (no shield)
rNeg    . . .        l - +0 ring mail
rPois   +            (helmet currently unavailable)
rElec   .            (cloak currently unavailable)
rCorr   .            (gloves currently unavailable)
SInv    .            (boots currently unavailable)
Will    .....        (no amulet)
Stlth   +            f - ring of poison resistance
HPRegen 0.32/turn    B - +4 ring of protection
MPRegen 0.11/turn

%: no passive effects
@: beast-form, studying Staves
A: beast (slay +3), icy blue scales 1, powered by pain 1, demonic magic 2
a: Begin Untransformation


You were on level 6 of the Dungeon.
You were a hulking beast.
You visited 2 branches of the dungeon, and saw 7 of its levels.

You collected 314 gold pieces.

Inventory:

Hand Weapons
 m - a +0 dagger
 E - a +2 flail of protection
Missiles
 g - a curare-tipped dart
 i - 18 poisoned darts
Armour
 j - an orb of energy
 l - a +0 ring mail (worn)
Jewellery
 a - a +6 ring of intelligence
 f - a ring of poison resistance (left hand)
 n - a ring of wizardry
 s - a ring of fire
 z - the ring of Koelopis {rC- EV+5 Int+8 Dex-4 SInv}
   (You found it on level 5 of the Dungeon)

   [ring of evasion]

   EV+5:      It affects your evasion (+5).
   Int+8:     It affects your intelligence (+8).
   Dex-4:     It affects your dexterity (-4).
   rC-:       It makes you vulnerable to cold.
   SInv:      It lets you see invisible.
 B - a +4 ring of protection (right hand)
Talismans
 c - a beast talisman
 d - a flux talisman
Wands
 o - a wand of acid (6)
 y - a wand of digging (8)
Scrolls
 k - 2 scrolls of enchant armour
 p - a scroll of immolation
 q - 5 scrolls of teleportation
 r - a scroll of noise
 v - a scroll of revelation
 D - 2 scrolls of fog
Potions
 b - a potion of lignification
 e - 2 potions of haste
 h - a potion of heal wounds
 t - a potion of enlightenment {unknown}
 u - a potion of berserk rage {unknown}
 w - 2 potions of magic {unknown}
 x - a potion of curing {unknown}
 C - a potion of mutation {unknown}


   Skills:
 + Level 7.4 Fighting
 + Level 6.2 Dodging
 + Level 6.5 Unarmed Combat
 + Level 6.1 Shapeshifting


You had 8 spell levels left.
You didn't know any spells.
Your spell library contained the following spells:

 Spells                   Type           Power      Damage    Failure   Level
 Summon Small Mammal      Summ           0%         N/A       45%         1
 Call Canine Familiar     Summ           0%         N/A       83%         3
 Inner Flame              Hex/Fire       0%         N/A       83%         3
 Summon Guardian Golem    Hex/Summ       0%         N/A       83%         3
 Anguish                  Hex/Necr       0%         N/A       99%         4
 Flame Wave               Conj/Fire      0%         2d4       99%         4
 Death's Door             Necr           0%         N/A       100%        9


Dungeon Overview and Level Annotations

Branches:
Dungeon (6/15)             Temple (1/1) D:6

Altars:
Ashenzari
Cheibriados
Dithmenos
Fedhas
Gozag
Hepliaklqana
Nemelex Xobeh
Okawaru
Qazlal
Ru
Sif Muna
Uskayaw
Vehumet


Innate Abilities, Weirdness & Mutations

You are a hulking beast.
Your limbs bulge with bestial killing power. (Slay +3)
You are partially covered in icy blue scales. (AC +2)
You sometimes gain a little power by taking damage.
Spells you cast may paralyse nearby enemies.


Message History

The black bear claws you but does no damage. x2
The shadow hits you.
You hit the black bear.
The black bear is heavily wounded.
The black bear bites you.
The black bear claws you but does no damage. x2
The shadow hits you.
You punch the black bear!
The black bear is almost dead.
The black bear goes berserk!
The shadow hits you!
You barely miss the black bear.
The black bear is almost dead.
The black bear barely misses you.
The black bear claws you but does no damage.
The black bear claws you.
You hit the black bear.
The black bear is almost dead.
The shadow hits you. The black bear closely misses you.
The black bear claws you but does no damage.
The black bear claws you.
The white imp shouts, "Quit, thou puny tardy-gaited malt-worm!"
You punch the black bear!
You kill the black bear!
The shadow misses you. The white imp gestures at you.
The puff of frost misses you. The shadow hits you.
You see here a black bear corpse.
You punch the white imp!
You kill the white imp!
The shadow misses you. The shadow hits you!
You closely miss the shadow. The shadow barely misses you.
You punch the shadow! Your punch misses the shadow.
The shadow is heavily damaged.
The shadow slips into darkness.
The shadow flickers and vanishes!
Deactivating autopickup; reactivate with Ctrl-A.
You barely miss something.
The shadow strikes at you from the darkness!
You die...

# #### .... #### ##
####### #.... #....
#.....#
#.....#.....#.....#
#.5#..#.h#..#..#..#
'###..#..#..#..#{†#..#
.....5#....D#...h.#..#
.....#.?..W#.....#..#
###################).#
.†)...............)..#
.....................#
###################..#
......#.....#.....#..#
...÷..#..)..#.....#..#
)###..#..#..#..#..#).#


There were no monsters in sight!

Vanquished Creatures
  A yak (D:6)
  Menkaure (D:5)
  An acid dragon (D:6)
  A water moccasin (D:6)
  A sky beast (D:6)
  3 black bears (D:6)
  2 ice beasts (D:6)
  7 ogres
  3 centaurs
  A phantom (D:5)
  A kobold brigand (D:6)
  3 bullfrogs (D:6)
  A gnoll sergeant (D:6)
  2 scorpions
  A howler monkey (D:6)
  A jelly (D:5)
  3 gnoll boudas
  5 hounds
  3 iguanas (D:6)
  2 sleepcaps
  Jessica (D:3)
  2 orc wizards
  7 adders
  9 gnolls
  A white imp (D:6)
  2 ufetubi (D:5)
  4 worms
  2 dart slugs
  25 orcs
  5 endoplasms
  A giant cockroach (D:1)
  A goblin (D:1)
  5 hobgoblins
  10 jackals
  11 kobolds
  3 quokkas
  7 ball pythons
  4 bats
  A frilled lizard (D:1)
  6 rats
150 creatures vanquished.

Notes
Turn   | Place    | Note
-------+----------+-------------------------------------------
     0 | D:1      | Malachi the Demonspawn Shapeshifter began the quest for the
                  | Orb.
     0 | D:1      | Reached XP level 1. HP: 15/15 MP: 1/1
   268 | D:1      | Gained mutation: Spells you cast may paralyse adjacent
                  | enemies. [demonic ancestry]
   268 | D:1      | Reached XP level 2. HP: 17/21 MP: 2/2
  1663 | D:2      | Reached XP level 3. HP: 27/27 MP: 3/3
  1975 | D:2      | Reached skill level 2 in Fighting
  2189 | D:3      | Noticed Jessica
  2198 | D:3      | Killed Jessica
  2199 | D:3      | Gained mutation: You sometimes gain a little power by
                  | taking damage. [demonic ancestry]
  2199 | D:3      | Reached XP level 4. HP: 26/34 MP: 4/4
  2352 | D:3      | Found a faded altar of an unknown god.
  2614 | D:4      | Identified the "Dobbo"
  3079 | D:4      | Noticed an ogre
  3098 | D:4      | HP: 1/34 [ogre/+0 giant club (20)]
  3101 | D:4      | Killed an ogre
  3102 | D:4      | Reached skill level 3 in Fighting
  3102 | D:4      | Reached XP level 5. HP: 2/41 MP: 5/5
  3637 | D:4      | Found a broken altar of Ashenzari.
  3702 | D:4      | Noticed a centaur
  3702 | D:4      | Noticed a centaur
  3713 | D:4      | Killed a centaur
  3714 | D:4      | Gained mutation: You are partially covered in icy blue
                  | scales. (AC +2) [demonic ancestry]
  3714 | D:4      | Reached XP level 6. HP: 5/48 MP: 6/6
  3714 | D:4      | HP: 3/72 [centaur (2)]
  3715 | D:4      | HP: 1/72 [centaur (1)]
  3718 | D:4      | Reached skill level 4 in Fighting
  4535 | D:5      | Entered Level 5 of the Dungeon
  4617 | D:5      | Identified the ring of Koelopis {rC- EV+5 Int+8 Dex-4 SInv}
  4788 | D:5      | Reached XP level 7. HP: 41/55 MP: 7/7
  5170 | D:5      | Reached skill level 5 in Fighting
  5879 | D:5      | Noticed Menkaure
  5890 | D:5      | Killed Menkaure
  5891 | D:5      | Gained mutation: Spells you cast may paralyse nearby
                  | enemies. [demonic ancestry]
  5891 | D:5      | Reached XP level 8. HP: 53/63 MP: 8/8
  6085 | D:6      | Reached skill level 5 in Unarmed Combat
  6216 | D:6      | Found a staircase to the Ecumenical Temple.
  6248 | Temple   | Entered the Ecumenical Temple
  6295 | D:6      | Reached skill level 6 in Fighting
  6386 | D:6      | Reached skill level 5 in Shapeshifting
  6454 | D:6      | Found a radiant altar of Vehumet.
  6471 | D:6      | Reached skill level 5 in Dodging
  7183 | D:6      | Reached XP level 9. HP: 71/71 MP: 9/9
  7451 | D:6      | Reached skill level 7 in Fighting
  7979 | D:6      | Slain by a shadow

Illustrated notes

Levels and vault maps discovered:
D:1:      minmay_arrival_solitary_statue, layout_loops_ring
D:2:      layout_basic
D:3:      layout_rooms, ebering_ecumenical_altar_petrified, uniq_jessica
D:4:      layout_loops_ring, nicolae_ashenzari_skybound, serial_rivers,
          chequers_serial_rivers_large_a, chequers_serial_rivers_small_a,
          chequers_serial_rivers_micro_d, chequers_serial_rivers_micro_e,
          minmay_misc_feat_plants, minmay_manual_mares
D:5:      layout_basic, uniq_menkaure
D:6:      kennysheep_windowed_halls, layout_basic, kennysheep_little_box,
          lemuel_doored_altar, minmay_temple_entry_hall
Temple:   nicolae_temple_ecumenical_triangle

Skill      XL: |  1  2  3  4  5  6  7  8  9 |
---------------+----------------------------+-----
Dodging        | 2 3 4 5 6 |  6.2
Unarmed Combat | 3 4 5 6 |  6.5
Fighting       | 2 3 4 5 6 7 |  7.4
Shapeshifting  | 3 4 5 6 |  6.1

Action                     |  1- 3 |  4- 6 |  7- 9 || total
---------------------------+-------+-------+-------++-------
  Melee: Unarmed           |   120 |   184 |   372 ||   676
         Punch             |       |     6 |    13 ||    19
  Throw: Throwing net      |       |     1 |       ||     1
    Use: Scroll            |       |     8 |     2 ||    10
         Potion            |       |     2 |     2 ||     4
   Stab: Sleeping          |     1 |       |       ||     1
 Armour: Animal skin       |    18 |       |       ||    18
         Ring mail         |    37 |   108 |   262 ||   407
         Skin              |       |    27 |       ||    27
  Dodge: Dodged            |    61 |   109 |   204 ||   374

Table legend: (Time is in decaauts)
 A = Elapsed time spent in this place.
 B = Non-inter-level travel time spent in this place.
 C = Inter-level travel time spent in this place.
 D = Time resting spent in this place.
 E = Time spent auto-exploring this place.
 F = Levels seen in this place.
 G = Mean time per level.
                   A        B        C        D        E       F      G
               +--------+--------+--------+--------+--------+-----+--------+
         Total |   7935 |   7714 |    221 |   2262 |   4123 |   7 | 1133.6 |
       Dungeon |   7925 |   7707 |    218 |   2262 |   4123 |   6 | 1320.8 |
        Temple |      9 |      6 |      3 |      0 |      0 |   1 |    9.0 |
               +--------+--------+--------+--------+--------+-----+--------+

Top non-repeatable levels by time:
     D:4: 1927 daAuts
     D:6: 1911 daAuts
     D:5: 1483 daAuts
     D:1: 1153 daAuts
     D:2: 1006 daAuts
     D:3: 443 daAuts
  Temple: 9 daAuts
